 Dungeon Crawl Stone Soup version 0.24.0-5-g267a8d59f4 (webtiles) character file.

Game seed: 4913369772128745789, levelgen mode: deterministic

8859 magipi the Frost Mage (level 11, -14/96 HPs)
             Began as a Kobold Ice Elementalist on Nov 1, 2019.
             Was an Elder of Vehumet.
             Demolished by a gargoyle
             ... wielding a +0 morningstar
              (17 damage)
             ... on level 11 of the Dungeon.
             The game lasted 01:01:00 (14734 turns).

magipi the Frost Mage (Kobold Ice Elementalist)    Turns: 14734, Time: 01:01:00

Health: -14/96     AC:  6    Str: 11    XL:     11   Next: 63%
Magic:  5/17       EV: 19    Int: 20    God:    Vehumet [****..]
Gold:   281        SH:  0    Dex: 17    Spells: 6/18 levels left

rFire    . . .     SeeInvis .   b - +2 trident (venom)
rCold    . . .     Gourm    .   (shield currently unavailable)
rNeg     . . .     Faith    .   r - +0 robe
rPois    +         Spirit   .   (no helmet)
rElec    .         Reflect  .   v - +1 cloak
rCorr    .         Harm     .   (no gloves)
MR       +....                  (no boots)
Stlth    ..........             (no amulet)
HPRegen  0.26/turn              m - ring of protection from magic
MPRegen  0.15/turn              p - ring of poison resistance (curse)

@: berserking (expiring), very quick
A: small, thin metallic scales 1, agile 1, carnivore
a: Renounce Religion


You were on level 11 of the Dungeon.
You worshipped Vehumet.
Vehumet was greatly pleased with you.
You were full.

You visited 1 branch of the dungeon, and saw 14 of its levels.

You collected 708 gold pieces.
You spent 427 gold pieces at shops.

Inventory:

Hand Weapons
 a - a +4 dagger
   (You took it off a kobold on level 1 of the Dungeon)
 b - a +2 trident of venom (weapon)
   (You took it off an orc on level 8 of the Dungeon)
 w - the +9 hand axe "Yliok" {chop, rElec Int+3}
   (You took it off an orc warrior on level 8 of the Dungeon)

   It inflicts extra damage upon your enemies.
   It affects your intelligence (+3).
   It insulates you from electricity.
Missiles
 t - 3 curare-tipped darts (quivered)
Armour
 r - a +0 robe (worn)
 v - a +1 cloak (worn)
   (You found it on level 5 of the Dungeon)
Jewellery
 m - a ring of protection from magic (left hand)
   (You took it off a crimson imp on level 10 of the Dungeon)
 p - a cursed ring of poison resistance (right hand)
   (You found it on level 9 of the Dungeon)
 D - an uncursed ring of ice
   (You found it on level 2 of the Dungeon)
Wands
 o - a wand of iceblast (27)
   (You found it on level 4 of the Dungeon)
 u - a wand of flame (18)
   (You took it off a big kobold on level 10 of the Dungeon)
 C - a wand of disintegration (2)
   (You bought it in a shop on level 7 of the Dungeon)
 G - a wand of polymorph (6)
   (You found it on level 11 of the Dungeon)
Scrolls
 i - a scroll of amnesia
 j - 3 scrolls of identify
 k - 4 scrolls of noise
 l - 3 scrolls of enchant armour
 n - 2 scrolls of teleportation
 y - a scroll of acquirement {unknown}
 A - a scroll of immolation {unknown}
 E - a scroll of fog {unknown}
 F - a scroll of remove curse
Potions
 d - 3 potions of might
 e - a potion of heal wounds
 f - a potion of curing
 g - 2 potions of flight
 q - 2 potions of magic
 s - 4 potions of brilliance
 z - 2 potions of haste
Comestibles
 x - 31 rations


   Skills:
 + Level 6.0 Fighting
 + Level 6.0 Dodging
 - Level 2.6 Stealth
 + Level 4.0 Spellcasting
 - Level 6.3 Conjurations
 - Level 6.0 Charms
 + Level 8.0 Summonings
 + Level 8.0 Ice Magic
 - Level 6.0 Evocations


You had 6 spell levels left.
You knew the following spells:

 Your Spells              Type           Power        Failure   Level  Hunger
a - Freeze                Ice            ####         1%          1    None
i - Summon Ice Beast      Ice/Summ       #####...     4%          4    ####...
o - Ozocubu's Armour      Chrm/Ice       ####....     2%          3    ###....
x - Throw Icicle          Conj/Ice       ####....     1%          4    ####...

Your spell library contained the following spells:

 Spells                   Type           Power        Failure   Level  Hunger
 Static Discharge         Conj/Air       ###.....     3%          3    ###....
 Flame Tongue             Conj/Fire      ###..        1%          1    None
 Throw Flame              Conj/Fire      ###...       1%          2    #......
 Throw Frost              Conj/Ice       ####..       1%          2    #......
 Conjure Flame            Conj/Fire      ###.....     3%          3    ###....
 Sticky Flame             Conj/Fire      ###.....     10%         4    ####...
 Inner Flame              Hex/Fire       #.......     11%         3    ###....
 Beastly Appendage        Tmut           #.....       13%         1    None
 Sticks to Snakes         Tmut           #.......     19%         2    #......
 Ice Form                 Ice/Tmut       ###.....     24%         4    ####...
 Fireball                 Conj/Fire      ###.......   24%         5    ######.
 Spider Form              Tmut/Pois      #.........   36%         3    ###....
 Blade Hands              Tmut           #.........   98%         5    ######.


Dungeon Overview and Level Annotations

Branches:
Dungeon (14/15)            Temple (0/1) D:7            Lair (0/6) D:10
 Vaults (0/5) D:14
    Orc: D:9-12

Altars:
Ashenzari
Dithmenos
Elyvilon
Gozag
Okawaru
Ru
Sif Muna
Trog
Uskayaw
Vehumet
Wu Jian
Yredelemnul
Zin

Shops:
D:4 %   D:5 =   D:7 }

Annotations:
D:6 1 runed translucent door, OleJ's ghost, novice OgCj
D:14 Rupert; Urug


Innate Abilities, Weirdness & Mutations

You are small and have problems with some larger weapons.
You are carnivorous and can eat meat at any time.
You are partially covered in thin metallic scales. (AC +2)
You are agile. (Dex +2)


Message History

The eye of draining dies!
Vehumet accepts your kill.
No target in view!
Unknown command.
A gargoyle comes into view. It is wielding a +0 morningstar.
Found a great mace.
You swap places.
The gargoyle hits your ice beast with a +0 morningstar!!
Attack whom?
Press: ? - help, Dir - move target cursor, f - gargoyle
Aim: a gargoyle, wielding a +0 morningstar You reach to attack!
You hit the gargoyle.
The gargoyle is lightly damaged.
Your ice beast hits the gargoyle but does no damage.
The gargoyle hits your ice beast with a +0 morningstar!!
Your ice beast dies!
Your ice beast barely misses the gargoyle.
Unknown command.
Unknown command.
Attack whom?
Press: ? - help, Dir - move target cursor, f/p - gargoyle
Aim: a gargoyle, wielding a +0 morningstar (lightly damaged)
You reach to attack!
You hit the gargoyle but do no damage.
The gargoyle is lightly damaged.
Your ice beast disappears in a puff of smoke!
Your ice beast hits the gargoyle but does no damage.
The gargoyle hits your ice beast with a +0 morningstar!!
Attack whom?
Press: ? - help, Dir - move target cursor, f/p - gargoyle
Aim: a gargoyle, wielding a +0 morningstar (lightly damaged)
You reach to attack!
You completely miss the gargoyle.
The gargoyle is lightly damaged.
Your ice beast hits the gargoyle but does no damage.
The gargoyle hurls a stone arrow at you.
The stone arrow hits your ice beast!
Your ice beast dies!
Unknown command.
Attack whom?
Press: ? - help, Dir - move target cursor, f/p - gargoyle
Aim: a gargoyle, wielding a +0 morningstar (lightly damaged)
You reach to attack!
You hit the gargoyle.
The gargoyle is moderately damaged.
You hit the gargoyle but do no damage.
The gargoyle is moderately damaged.
The gargoyle completely misses you.
Unknown command.
You barely miss the gargoyle.
The gargoyle is moderately damaged.
The gargoyle closely misses you.
The gargoyle hits you with a +0 morningstar.
Unknown command.
You hit the gargoyle.
The gargoyle is heavily damaged.
The gargoyle hits you with a +0 morningstar!!
You are too injured to fight recklessly!
Unknown command.
Unknown command.
A red film seems to cover your vision as you go berserk!
You feel yourself moving faster!
You feel mighty!
You hit the gargoyle.
The gargoyle is heavily damaged.
The gargoyle hurls a stone arrow at you.
The stone arrow misses you.
You hit the gargoyle.
The gargoyle is heavily damaged.
The gargoyle hurls a stone arrow at you.
The stone arrow hits you!
You hit the gargoyle but do no damage.
The gargoyle is heavily damaged.
The gargoyle barely misses you.
You barely miss the gargoyle.
The gargoyle is heavily damaged.
The gargoyle completely misses you.
Unknown command.
You barely miss the gargoyle.
The gargoyle is heavily damaged.
You hit the gargoyle but do no damage.
The gargoyle is heavily damaged.
The gargoyle barely misses you.
You barely miss the gargoyle.
The gargoyle is heavily damaged.
The gargoyle completely misses you.
You barely miss the gargoyle.
The gargoyle is heavily damaged.
The gargoyle hits you with a +0 morningstar!
You hit the gargoyle.
The gargoyle is heavily damaged.
You hit the gargoyle but do no damage.
The gargoyle is heavily damaged.
The gargoyle hits you with a +0 morningstar!!
* * * LOW HITPOINT WARNING * * *
You hit the gargoyle but do no damage.
The gargoyle is heavily damaged.
The gargoyle hurls a stone arrow at you.
The stone arrow hits you!
* * * LOW HITPOINT WARNING * * *
You hit the gargoyle.
The gargoyle is severely damaged.
The gargoyle hits you with a +0 morningstar!
You die...

#.. #...#
#...# #...#
..
#.?.######...
#............
#..........).
#....9#
#....@#
#.....#
#.....#
#####.# #.#
#.# #.. #..
#...


You could see a gargoyle.

Vanquished Creatures
  A centaur warrior (D:13)
  Maurice (D:8)
  4 yaks
  A human (D:14)
  An orc warrior (D:8)
  An ice beast (D:6)
  2 phantoms
  2 wolves (D:10)
  2 centaurs
  A scorpion (D:5)
  5 killer bees
  4 electric eels (D:10)
  2 orc priests
  2 hounds
  6 orc wizards
  An iguana (D:9)
  2 worker ants
  A killer bee zombie (D:6)
  3 hound skeletons
  3 gnolls (D:2)
  10 adders
  A shadow imp (D:6)
  2 oozes
  3 adder skeletons (D:4)
  A worm (D:3)
  3 dart slugs
  5 leopard geckos
  24 orcs
  5 giant cockroaches
  6 goblins
  4 hobgoblins
  7 jackals
  4 quokkas
  4 ball pythons
  6 bats
  2 frilled lizards
  A giant cockroach zombie (D:5)
  11 kobolds
  2 quokka zombies
  4 rats
150 creatures vanquished.

Vanquished Creatures (collateral kills)
  Nessos (D:14)
  A hydra (D:14)
  A two-headed ogre (D:8)
  Sonja (D:10)
  2 trolls
  3 hippogriffs
  8 yaks
  3 humans (D:14)
  A hungry ghost (D:9)
  Menkaure (D:7)
  A water moccasin (D:8)
  6 orc warriors
  A black bear (D:9)
  An ice beast (D:10)
  An eye of draining (D:11)
  2 wolves (D:10)
  3 centaurs
  2 big kobolds
  5 bullfrogs
  4 scorpions
  3 killer bees
  A howler monkey (D:4)
  2 crimson imps
  3 hounds
  A jelly (D:9)
  3 centaur skeletons
  2 bullfrog skeletons
  4 orc priests
  2 iguanas
  6 orc wizards
  4 worker ants
  2 killer bee zombies
  3 gnolls (D:3)
  A howler monkey skeleton (D:7)
  A shadow imp (D:10)
  An ooze (D:4)
  An adder skeleton (D:6)
  27 orcs
  2 goblins (D:6)
  2 jackals (D:10)
  A frilled lizard (D:5)
  6 kobolds (D:7)
126 creatures vanquished.

Grand Total: 276 creatures vanquished

Notes
Turn   | Place    | Note
-------+----------+-------------------------------------------
     0 | D:1      | magipi the Kobold Ice Elementalist began the quest for the
                  | Orb.
     0 | D:1      | Reached XP level 1. HP: 10/10 MP: 3/3
   126 | D:1      | Reached XP level 2. HP: 15/15 MP: 1/5
   929 | D:1      | Reached XP level 3. HP: 18/19 MP: 7/7
  1238 | D:2      | Found a hide-covered altar of Uskayaw.
  1281 | D:2      | Learned a level 3 spell: Ozocubu's Armour
  1306 | D:2      | Reached XP level 4. HP: 24/24 MP: 4/8
  1525 | D:2      | Learned a level 4 spell: Summon Ice Beast
  1606 | D:2      | You fall into a shaft and drop 2 floors!
  1764 | D:4      | Reached skill level 1 in Summonings
  2058 | D:2      | Found a sacrificial altar of Ru.
  2169 | D:2      | Reached XP level 5. HP: 28/28 MP: 6/10
  2472 | D:2      | Found a radiant altar of Vehumet.
  2528 | D:2      | Became a worshipper of Vehumet
  2857 | D:3      | Reached XP level 6. HP: 16/32 MP: 3/11
  3041 | D:3      | HP: 1/32 [orc priest/+2 mace of crushing (3)]
  3543 | D:3      | Reached skill level 1 in Charms
  3795 | D:3      | Reached * piety under Vehumet
  3795 | D:3      | Offered knowledge of Flame Tongue by Vehumet.
  4520 | D:4      | Found a glowing silver altar of Zin.
  4728 | D:4      | Found Giuriuf's Food Emporium.
  4734 | D:4      | Reached XP level 7. HP: 34/36 MP: 7/13
  4865 | D:4      | Gained mutation: You are agile. (Dex +2) [potion of
                  | mutation]
  4865 | D:4      | Gained mutation: You are partially covered in thin metallic
                  | scales. (AC +2) [potion of mutation]
  4870 | D:4      | Reached skill level 5 in Ice Magic
  5332 | D:4      | Found a bloodstained altar of Trog.
  5384 | D:5      | Entered Level 5 of the Dungeon
  5385 | D:5      | Found Akkemokk's Jewellery Shoppe.
  5812 | D:5      | Offered knowledge of Magic Dart by Vehumet.
  6415 | D:6      | Found a shadowy altar of Dithmenos.
  6463 | D:6      | Found an ornate altar of the Wu Jian Council.
  6495 | D:6      | Reached XP level 8. HP: 41/41 MP: 11/14
  6523 | D:6      | Reached ** piety under Vehumet
  6556 | D:6      | Found a runed translucent door.
  6579 | D:6      | Noticed OleJ's ghost (novice OgCj)
  6585 | D:6      | Found an iron altar of Okawaru.
  6625 | D:6      | Reached skill level 5 in Summonings
  6908 | D:6      | Found a shattered altar of Ashenzari.
  7560 | D:7      | Found a staircase to the Ecumenical Temple.
  7895 | D:7      | Found Riqefiy's Gadget Shoppe.
  7950 | D:7      | Bought a wand of flame (9) for 77 gold pieces
  7950 | D:7      | Bought a wand of paralysis (10) for 168 gold pieces
  8105 | D:7      | Noticed Menkaure
  8126 | D:7      | Killed Menkaure
  8274 | D:7      | Found a basalt altar of Yredelemnul.
  8346 | D:7      | Found a shimmering blue altar of Sif Muna.
  8917 | D:8      | Noticed a two-headed ogre
  8970 | D:8      | Noticed Maurice
  9122 | D:8      | Killed Maurice
  9122 | D:8      | Reached XP level 9. HP: 40/45 MP: 15/15
  9221 | D:8      | Offered knowledge of Mephitic Cloud by Vehumet.
  9342 | D:8      | Killed a two-headed ogre
  9462 | D:8      | Found a white marble altar of Elyvilon.
  9484 | D:8      | Noticed a hippogriff
  9490 | D:8      | Killed a hippogriff
  9647 | D:8      | Identified the +9 hand axe "Yliok" {chop, rElec Int+3}
 10094 | D:8      | Reached *** piety under Vehumet
 10415 | D:7      | Bought a wand of disintegration (9) for 182 gold pieces
 10460 | D:9      | Reached skill level 1 in Fighting
 10460 | D:9      | Reached skill level 1 in Evocations
 10719 | D:9      | Reached XP level 10. HP: 46/53 MP: 9/16
 10802 | D:9      | Found an opulent altar of Gozag.
 11395 | D:9      | Offered knowledge of Dazzling Spray by Vehumet.
 11621 | D:9      | Reached skill level 5 in Dodging
 12031 | D:9      | Learned a level 4 spell: Throw Icicle
 12062 | D:10     | Entered Level 10 of the Dungeon
 12115 | D:10     | Noticed Sonja
 12180 | D:10     | Killed Sonja
 12180 | D:10     | Reached skill level 5 in Evocations
 12454 | D:10     | Found a staircase to the Lair.
 12559 | D:10     | Reached skill level 5 in Fighting
 12565 | D:10     | Reached **** piety under Vehumet
 12878 | D:10     | Reached XP level 11. HP: 63/63 MP: 17/17
 12956 | D:10     | Offered knowledge of Static Discharge by Vehumet.
 13154 | D:10     | Reached skill level 5 in Charms
 13176 | D:10     | Found a sacrificial altar of Ru.
 13755 | D:11     | You fall into a shaft and drop 3 floors!
 13756 | D:14     | Noticed a tengu warrior
 13782 | D:14     | Noticed a six-headed hydra
 13787 | D:14     | Noticed a cyclops
 13807 | D:14     | Killed a six-headed hydra
 13854 | D:14     | Identified the cursed +0 trident of the Penguin {antimagic,
                  | rPois rN+} (You found it on level 14 of the Dungeon)
 13885 | D:14     | Noticed Urug
 13939 | D:14     | Noticed Nessos
 13961 | D:14     | Killed Nessos
 13961 | D:14     | Reached skill level 5 in Conjurations
 14161 | D:14     | Noticed a two-headed ogre
 14163 | D:14     | Noticed Rupert
 14168 | D:14     | Found a gate to the Vaults.
 14169 | D:14     | Noticed a cyclops
 14379 | D:13     | Noticed a centaur warrior
 14385 | D:13     | Killed a centaur warrior
 14407 | D:13     | Noticed a yaktaur captain
 14407 | D:13     | Noticed a frost giant
 14407 | D:13     | Noticed a seven-headed hydra
 14407 | D:13     | Noticed a sphinx
 14666 | D:12     | Noticed a two-headed ogre
 14733 | D:11     | HP: 3/96 [gargoyle/stone arrow (11)]
 14734 | D:11     | Demolished by a gargoyle

Levels and vault maps discovered:
D:1:      matt_arrival_los_fun, layout_basic
D:2:      layout_loops_ring, lemuel_crystal_altar,
          eat_drink_and_be_merry_uskayaw, nicolae_overflow_hidden_temple
D:3:      layout_loops_corners
D:4:      layout_loops_ring, lightli_temple_of_fire, zin_academy, serial_shops,
          kennysheep_little_box, hangedman_abyss_or_decor_stagger
D:5:      layout_basic, serial_shops, nicolae_shop_crystal, first_ration
D:6:      layout_cave_pods, nicolae_dithmenos_through_a_glass_darkly,
          marbit_many_paths, kennysheep_okawaru_gauntlet,
          ebering_ghost_reflecting_pool, basic_altar
D:7:      layout_loops_ring, old_standard_altar, lemuel_doored_altar,
          minmay_temple_entry_trees, serial_shops, shop, uniq_menkaure
D:8:      layout_basic, lemuel_crystal_altar, uniq_maurice
D:9:      layout_roguey, nicolae_overflow_crystal_walls, serial_curves,
          eino_curves_02, eino_curves_03, eino_curves_01
D:10:     layout_rooms, erik_lair_island, kennysheep_nub, blue_anna_alchemist
          [blue_anna_fruit_fields, blue_anna_fruit_fields], grunt_ministairs_5,
          minmay_misc_feat_diagonals, nicolae_ru_awakened_eye, uniq_sonja
D:11:     layout_irregular_city, david_orc_3, serial_shops, shop,
          fedhas_altar_4, uniq_harold
D:12:     fort_yaktaur, layout_rooms, special_room [special_room_bee]
D:13:     layout_loops_ring, minmay_radiant
D:14:     layout_basic, david_vaults_3, minmay_misc_feat_enclosed

Skill      XL: |  1  2  3  4  5  6  7  8  9 10 11 |
---------------+----------------------------------+-----
Spellcasting   | 3 4 |  4.0
Ice Magic      | 4 5 6 8 |  8.0
Summonings     | 1 2 3 4 6 8 |  8.0
Charms         | 1 2 4 6 |  6.0
Fighting       | 2 5 6 |  6.0
Evocations     | 2 5 6 |  6.0
Dodging        | 3 6 |  6.0
Conjurations   | 2 6 |  6.3
Stealth        | |  2.6

Action                   |  1- 3 |  4- 6 |  7- 9 | 10-12 || total
-------------------------+-------+-------+-------+-------++-------
Melee: Dagger            |    19 |    84 |    76 |    15 ||   194
       Mace              |       |     5 |    12 |       ||    17
       Flail             |       |       |    35 |       ||    35
       Trident           |       |       |    21 |   153 ||   174
       Hand axe          |       |       |    10 |    10 ||    20
 Cast: Freeze            |    29 |    79 |    17 |     6 ||   131
       Ozocubu's Armour  |       |     1 |     4 |     8 ||    13
       Summon Ice Beast  |       |     3 |    71 |    74 ||   148
Evoke: Wand              |       |       |    10 |    34 ||    44
  Use: Scroll            |       |       |    15 |     5 ||    20
       Potion            |       |       |     6 |     4 ||    10
 Stab: Sleeping          |     7 |     3 |     9 |     5 ||    24
       Distracted        |       |     1 |     4 |     3 ||     8
       Paralysed         |       |       |     5 |    10 ||    15
  Eat: Chunk             |    10 |    11 |    22 |    31 ||    74
       Ration            |       |       |     2 |     1 ||     3
Armor: Robe              |     7 |    25 |    50 |    41 ||   123
Dodge: Dodged            |    23 |   107 |   148 |   250 ||   528

Action                   |  1- 3 |  4- 6 |  7- 9 | 10-12 || total
-------------------------+-------+-------+-------+-------++-------
Melee: Dagger            |    19 |    84 |    76 |    15 ||   194
       Mace              |       |     5 |    12 |       ||    17
       Flail             |       |       |    35 |       ||    35
       Trident           |       |       |    21 |   153 ||   174
       Hand axe          |       |       |    10 |    10 ||    20
 Cast: Freeze            |    29 |    79 |    17 |     6 ||   131
       Ozocubu's Armour  |       |     1 |     4 |     8 ||    13
       Summon Ice Beast  |       |     3 |    71 |    74 ||   148
Evoke: Wand              |       |       |    10 |    34 ||    44
  Use: Scroll            |       |       |    15 |     5 ||    20
       Potion            |       |       |     6 |     4 ||    10
 Stab: Sleeping          |     7 |     3 |     9 |     5 ||    24
       Distracted        |       |     1 |     4 |     3 ||     8
       Paralysed         |       |       |     5 |    10 ||    15
  Eat: Chunk             |    10 |    11 |    22 |    31 ||    74
       Ration            |       |       |     2 |     1 ||     3
Armor: Robe              |     7 |    25 |    50 |    41 ||   123
Dodge: Dodged            |    23 |   107 |   148 |   250 ||   528
